 Dungeon Crawl Stone Soup version 0.27.1-34-g3ba077fa99 (webtiles) character file.

Game seed: 8146745929616902766

16 lonewolfV2 the Skirmisher (level 2, -1/27 HPs)
             Began as a Minotaur Fighter on Jan 7, 2022.
             Killed by nerve-wracking pain
             ... invoked by Jessica
              (14 damage)
             ... on level 2 of the Dungeon.
             The game lasted 00:01:07 (935 turns).

lonewolfV2 the Skirmisher (Minotaur Fighter)         Turns: 935, Time: 00:01:07

Health: -1/27      AC:  7    Str: 20    XL:     2   Next: 41%
Magic:  1/1        EV:  7    Int:  5    God:
Gold:   12         SH:  9    Dex:  9    Spells: 1/1 levels left

rFire    . . .     SeeInvis .   a - +0 flail
rCold    . . .     Faith    .   c - +0 kite shield
rNeg     . . .     Spirit   .   b - +0 scale mail
rPois    .         Reflect  .   (helmet restricted)
rElec    .         Harm     .   (no cloak)
rCorr    .         Rampage  .   (no gloves)
Will     .....                  (no boots)
Stlth    ..........             (no amulet)
HPRegen  0.09/turn              f - ring of wizardry
MPRegen  0.07/turn              (no ring)

@: lethally poisoned (-1 -> -3), slowed, very slow
A: horns 2, retaliatory headbutt
a: no special abilities


You were on level 2 of the Dungeon.
You visited 1 branch of the dungeon, and saw 2 of its levels.

You collected 12 gold pieces.

Inventory:

Hand Weapons
 a - a +0 flail (weapon)
Armour
 b - a +0 scale mail (worn)
 c - a +0 kite shield (worn)
Jewellery
 f - a ring of wizardry (left hand)
Scrolls
 g - a scroll of identify
Potions
 d - a potion of might
 e - a potion of lignification
 h - a potion of mutation {unknown}


   Skills:
 + Level 4.0 Fighting
 + Level 2.6 Maces & Flails
 + Level 4.0 Armour
 + Level 3.9 Shields


You had one spell level left.
You didn't know any spells.
Your spell library was empty.

Dungeon Overview and Level Annotations

Branches:
Dungeon (2/15)

Altars:

Annotations:
D:2 Jessica


Innate Abilities, Weirdness & Mutations

You have a pair of horns on your head.
You reflexively headbutt those who attack you in melee.


Message History

You kill the hobgoblin!
A quokka comes into view.
A quokka is nearby!
You block the quokka's attack.
The quokka bites you but does no damage.
You barely miss the quokka. Your headbutt misses the quokka.
The quokka barely misses you. You furiously retaliate!
You headbutt the quokka.
You kill the quokka!
Found a blue potion.
h - a blue potion
Found a book of Spatial Translocations.
Jessica the Apprentice Sorceress comes into view.
She is wielding a +0 dagger.
Jessica shouts!
A rat comes into view.
A rat comes into view.
An adder comes into view.
Jessica gestures wildly while chanting.
Jessica blinks!
You miss the adder. Your headbutt misses the adder.
Jessica points at you and mumbles some strange words.
You feel yourself slow down.
The adder bites you but does no damage. x2
You hit the adder but do no damage. The adder bites you.
You are poisoned.
The adder poisons you! You block the adder's attack.
The rat bites you but does no damage. The adder bites you but does no damage.
You sock the adder! Your headbutt misses the adder.
The adder is heavily wounded.
You feel very sick.
Jessica points at you and mumbles some strange words.
Pain shoots through your body! You block the rat's attack.
The adder barely misses you.
Jessica gestures wildly while chanting.
Jessica seems to speed up.
The adder bites you but does no damage. The rat bites you but does no damage.
You feel sick. You block Jessica's attack. The rat barely misses you.
You furiously retaliate!
You headbutt the rat.
You kill the rat!
Jessica points at you and mumbles some strange words.
Pain shoots through your body!
Ouch! That really hurt!
You die...

####. P..P...#.#.#
#.... ♣≈≈≈≈≈.≈≈....
#...## ≈≈≈≈≈P≈≈≈P..
#####.... ≈≈≈≈≈≈≈≈≈≈P
P≈≈≈≈.... ≈≈≈≈≈≈≈≈.≈♣#
≈P≈≈≈..:#
.≈≈≈≈≈≈....##
≈≈≈≈≈..r# ♣.≈≈≈≈≈≈....
≈≈≈≈≈.†S#. ♣..P..†)..
≈≈≈≈...@#. ####.#....
≈≈≈....@#.##
#####......
≈≈≈.....#..#
#....<.....
≈P≈P≈...##.#
#..........
≈P≈≈P...##.#
#.......###
≈P≈≈.....#.###.......#
≈P≈≈≈................#
#####................#
#................#


You could see an adder, Jessica (fast) and a rat.

Vanquished Creatures
  A dart slug (D:1)
  A bat (D:1)
  4 hobgoblins
  2 quokkas
  A ball python (D:2)
  A goblin (D:1)
  2 kobolds (D:1)
  3 rats
15 creatures vanquished.

Vanquished Creatures (others)
  3 plants (D:2)
3 creatures vanquished.

Grand Total: 18 creatures vanquished

Notes
Turn   | Place    | Note
-------+----------+-------------------------------------------
     0 | D:1      | lonewolfV2 the Minotaur Fighter began the quest for the
                  | Orb.
     0 | D:1      | Reached XP level 1. HP: 19/19 MP: 0/0
   371 | D:1      | Reached XP level 2. HP: 26/27 MP: 1/1
   870 | D:2      | Found a faded altar of an unknown god.
   928 | D:2      | Noticed Jessica
   935 | D:2      | Killed from afar by Jessica

Illustrated notes

Levels and vault maps discovered:
D:1:      arrival_zaba_pyramid, layout_basic
D:2:      layout_basic, serial_bayou, serial_bayou_ford_a, serial_bayou_shore_a,
          serial_bayou_pond_d, serial_bayou_pond_b,
          ebering_ecumenical_altar_rust, fountainhead, minmay_quadrilaterals,
          uniq_jessica

Skill      XL: |  1  2 |
---------------+-------+-----
Fighting       | 4 |  4.0
Armour         | 4 |  4.0
Maces & Flails | |  2.6
Shields        | |  3.9

Action                   || total
-------------------------++-------
Melee: Flail             ||    35
       Headbutt          ||     7
  Use: Scroll            ||     4
Armor: Scale mail        ||    18
Dodge: Dodged            ||    12
Block: Kite shield       ||    18
